 Dungeon Crawl Stone Soup version 0.25-a0-510-ge065f6de7d (webtiles) character file.

Game seed: 1577475420746169935, levelgen mode: deterministic

855 night the Cleaver (level 8, 0/106 HPs)
             Began as a Hill Orc Fighter on Feb 15, 2020.
             Was a Follower of Trog.
             Succumbed to a water moccasin's poison
             ... on level 5 of the Dungeon.
             The game lasted 00:07:11 (4388 turns).

night the Cleaver (Hill Orc Fighter)                Turns: 4388, Time: 00:07:11

Health: 0/106      AC:  8    Str: 26    XL:     8   Next: 1%
Magic:  8/8        EV:  8    Int:  8    God:    Trog [*.....]
Gold:   176        SH: 10    Dex: 10    Spells: 7/7 levels left

rFire    . . .     SeeInvis .   a - +0 war axe
rCold    . . .     Gourm    .   c - +0 kite shield
rNeg     . . .     Faith    .   b - +0 scale mail
rPois    .         Spirit   .   y - +2 hat
rElec    .         Reflect  .   (no cloak)
rCorr    .         Harm     .   (no gloves)
MR       .....                  (no boots)
Stlth    ..........             (no amulet)
HPRegen  0.27/turn              (no ring)
MPRegen  0.11/turn              (no ring)

@: berserking (expiring), lethally poisoned (0 -> -29), very quick
A: no striking features
a: Berserk, Renounce Religion


You were on level 5 of the Dungeon.
You worshipped Trog.
Trog was aware of your devotion.
You were hungry.

You visited 1 branch of the dungeon, and saw 5 of its levels.

You collected 176 gold pieces.

Inventory:

Hand Weapons
 a - a +0 war axe (weapon)
 l - a +3 hand axe
 x - the +11 short sword "Coregrul" {protect, rN+}
   (You found it on level 4 of the Dungeon)

   It grants its wielder temporary protection when it strikes (+7 to AC).
   It protects you from negative energy.
Missiles
 j - 161 stones (quivered)
 m - 46 sling bullets
 s - 19 poisoned darts
 t - 4 boomerangs
Armour
 b - a +0 scale mail (worn)
 c - a +0 kite shield (worn)
 y - a +2 hat (worn)
Jewellery
 u - an uncursed amulet of rage {unknown}
Scrolls
 e - 4 scrolls of remove curse {unknown}
 h - 8 scrolls of identify {unknown}
 k - 2 scrolls of random uselessness {unknown}
 p - a scroll of teleportation {unknown}
 q - 2 scrolls of fog {unknown}
 r - a scroll of enchant armour {unknown}
 z - a scroll of magic mapping {unknown}
Potions
 d - 2 potions of might
 g - 2 potions of ambrosia {unknown}
 i - 3 potions of mutation {unknown}
 n - 2 potions of degeneration {unknown}
 o - 5 potions of curing {unknown}
 v - a potion of magic {unknown}
 w - a potion of invisibility {unknown}
 B - a potion of lignification {unknown}
 C - a potion of flight {unknown}
Comestibles
 f - 11 rations
 A - 5 chunks of flesh


   Skills:
 + Level 6.3 Fighting
 * Level 8.6 Axes
 - Level 3.2 Armour
 + Level 5.7 Shields


You had 7 spell levels left.
You didn't know any spells.
Your spell library contained the following spells:

 Spells                   Type           Power        Failure   Level  Hunger
 Corona                   Hex            #......      97%         1    ##.....
 Ensorcelled Hibernation  Hex/Ice        #.....       99%         2    ###....
 Confusing Touch          Hex            #.......     100%        3    ####...
 Dazzling Flash           Conj/Hex       #.....       100%        3    ####...
 Tukima's Dance           Hex            #.......     100%        3    ####...


Dungeon Overview and Level Annotations

Branches:
Dungeon (5/15)
 Temple: D:4-7

Altars:
Dithmenos
Fedhas
Kikubaaqudgha
Trog
Uskayaw


Message History

* * * LOW HITPOINT WARNING * * *
You feel sick. The water moccasin bites you.
* * * LOW HITPOINT WARNING * * *
You are more poisoned.
The water moccasin poisons you!
You slash the water moccasin!
You kill the water moccasin!
Trog accepts your kill.
You have reached level 8!
* * * LOW HITPOINT WARNING * * *
You feel very sick.
You are too berserk!
You are too berserk!
You are too berserk!
You are too berserk!
* * * LOW HITPOINT WARNING * * *
You feel sick.
Found 2 golden potions.
You feel a strong urge to attack something.
You die...

##...##
##!....##
##.......##
#.........#
+.........+
#.........#
#=......#
#@....#
##.†.## ##'##
#.#
#.##########
##.#.........
##....########
#.....#
##....#


There were no monsters in sight!

Vanquished Creatures
  A water moccasin (D:5)
  An ice beast (D:5)
  4 wights (D:4)
  A howler monkey (D:4)
  An orc priest (D:4)
  A centaur skeleton (D:4)
  A hound (D:4)
  3 orc wizards
  2 worker ants (D:4)
  4 gnolls (D:3)
  8 adders
  A shadow imp (D:5)
  An ooze (D:2)
  2 worms
  2 dart slugs
  4 leopard geckos
  7 orcs
  9 bats
  A bat zombie (D:3)
  3 giant cockroaches
  5 goblins
  8 hobgoblins
  6 jackals
  10 kobolds
  A quokka (D:3)
  2 ball pythons (D:1)
  11 frilled lizards
  12 rats
  A rat zombie (D:3)
113 creatures vanquished.

Notes
Turn   | Place    | Note
-------+----------+-------------------------------------------
     0 | D:1      | night the Hill Orc Fighter began the quest for the Orb.
     0 | D:1      | Reached XP level 1. HP: 19/19 MP: 1/1
   222 | D:1      | Reached skill level 3 in Axes
   308 | D:1      | Reached XP level 2. HP: 27/27 MP: 2/2
   730 | D:1      | Reached XP level 3. HP: 33/33 MP: 3/3
   941 | D:2      | Found a shadowy altar of Dithmenos.
   969 | D:2      | Reached skill level 4 in Axes
  1037 | D:2      | Found a blossoming altar of Fedhas.
  1175 | D:2      | Reached XP level 4. HP: 38/40 MP: 4/4
  1272 | D:2      | Found a bloodstained altar of Trog.
  1276 | D:2      | Became a worshipper of Trog the Wrathful
  1869 | D:3      | Reached skill level 5 in Axes
  2099 | D:3      | Reached XP level 5. HP: 44/47 MP: 5/5
  2127 | D:3      | Found a hide-covered altar of Uskayaw.
  2337 | D:3      | Reached * piety under Trog
  2732 | D:3      | Found an ancient bone altar of Kikubaaqudgha.
  3133 | D:4      | Reached skill level 6 in Axes
  3133 | D:4      | Reached XP level 6. HP: 55/55 MP: 6/6
  3269 | D:4      | Found a glowing drain.
  3281 | D:4      | Reached skill level 5 in Fighting
  3636 | D:4      | Reached skill level 7 in Axes
  3636 | D:4      | Reached skill level 5 in Shields
  3643 | D:4      | Reached XP level 7. HP: 61/61 MP: 7/7
  4163 | D:4      | Got a bloodstained short sword
  4163 | D:4      | Identified the +11 short sword "Coregrul" {protect, rN+}
                  | (You found it on level 4 of the Dungeon)
  4172 | D:5      | Entered Level 5 of the Dungeon
  4265 | D:5      | Reached skill level 8 in Axes
  4384 | D:5      | HP: 13/94 [poisoned by a water moccasin]
  4385 | D:5      | HP: 6/94 [water moccasin (6)]
  4386 | D:5      | Reached XP level 8. HP: 7/71 MP: 8/8
  4387 | D:5      | HP: 2/106 [poisoned by a water moccasin]
  4388 | D:5      | Succumbed to a water moccasin's poison

Levels and vault maps discovered:
D:1:      dpeg_arrival_tiny_f, layout_loops_corners, serial_park_tiny_pond
D:2:      layout_loops_corners, fedhas_altar_1, marbit_many_paths,
          grunt_dithmenos_smoke
D:3:      layout_loops_cross, lemuel_zombie_altar_kikubaaqudgha,
          overflow_temple_1_default, first_ration, serial_co_window_serial,
          co_window_of_opportunity_a, co_window_corner_a, co_window_corner_a,
          co_window_paths_a, co_window_paths_a, co_window_corner_b,
          co_window_broadway_c, co_window_paths_c, co_window_unsneaky_path_e,
          co_window_corner_cb, co_window_2corner, glass_columns_b,
          glass_columns_a, glass_columns_a, glass_columns_a
D:4:      layout_basic, gup_sewer_entry_glass
D:5:      layout_loops_corners

Skill      XL: |  1  2  3  4  5  6  7 |
---------------+----------------------+-----
Axes           | 3 4 5 6 7 8 |  8.6
Fighting       | 4 5 6 |  6.3
Shields        | 4 5 |  5.7
Armour         | |  3.2

Action                   |  1- 3 |  4- 6 |  7- 9 || total
-------------------------+-------+-------+-------++-------
Melee: War axe           |    46 |       |    64 ||   110
       Hand axe          |    67 |   173 |    18 ||   258
       Short sword       |       |       |     5 ||     5
Invok: Berserk           |       |     2 |     1 ||     3
  Eat: Chunk             |     1 |     9 |     3 ||    13
Armor: Scale mail        |    52 |    65 |    24 ||   141
Dodge: Dodged            |    42 |    47 |     8 ||    97
Block: Kite shield       |    52 |    91 |    41 ||   184

Table legend:
 A = Non-vault XP
 B = Vault XP
 C = Vault XP percentage of total XP
 D = Non-vault monster count
 E = Vault monster count
 F = Vault count percentage of total count
                 A         B        C        D         E       F
            +---------+---------+-------+---------+---------+-------
      Total |    1218 |       4 |   0.3 |     110 |       3 |   2.7
            +---------+---------+-------+---------+---------+-------
        D:1 |      35 |       0 |   0.0 |      23 |       0 |   0.0
        D:2 |      62 |       1 |   1.6 |      25 |       1 |   3.8
        D:3 |     172 |       3 |   1.7 |      32 |       2 |   5.9
        D:4 |     555 |       0 |   0.0 |      20 |       0 |   0.0
        D:5 |     394 |       0 |   0.0 |      10 |       0 |   0.0
            +---------+---------+-------+---------+---------+-------
